 Dungeon Crawl Stone Soup version 0.31-a0-691-g409c26aa35 (webtiles) character file.

Game seed: 4373562963459420729

184 cforsyth the Trooper (level 5, -5/42 HPs)
             Began as a Djinni Chaos Knight on Sept 6, 2023.
             Was a Plaything of Xom.
             Slain by a gnoll
             ... wielding a +0 flail
              (6 damage)
             ... on level 1 of the Dungeon.
             The game lasted 00:03:26 (2098 turns).

cforsyth the Trooper (Djinni Chaos Knight)          Turns: 2098, Time: 00:03:27

Health: -5/42      AC:  7    Str: 11    XL:     5   Next: 96%
Gold:   81         EV: 12    Int: 15    God:    Xom [*.....] SH:  0 Dex: 13

rFire   + + +        j - +1 spear (venom)
rCold   x . .        (no shield)
rNeg    . . .        b - +2 leather armour
rPois   ∞            (no helmet)
rElec   +            m - +1 cloak {rCorr}
rCorr   +            (no gloves)
SInv    .            (boots unavailable)
Will    .....        (no amulet)
Stlth   +            (no ring)
HPRegen 0.27/turn    (no ring)
MPRegen 0.00/turn

%: infuse magic (-6 HP)
@: weak-willed, flying
A: sickness immunity, fire resistance 3, cold vulnerability 1, float, innate
caster, HP casting, extra vitality 1, electricity resistance
a: Renounce Religion


You were on level 1 of the Dungeon.
You worshipped Xom.
You were a special plaything of Xom.
You visited 1 branch of the dungeon, and saw 3 of its levels.

You collected 81 gold pieces.

Inventory:

Hand Weapons
 a - a +0 falchion of chaos
 j - a +1 spear of venom (weapon)
Armour
 b - a +2 leather armour (worn)
 m - a +1 cloak of preservation (worn)
Scrolls
 g - a scroll of teleportation {unknown}
 h - a scroll of identify
 i - 2 scrolls of vulnerability
Potions
 d - a potion of lignification
 e - a potion of berserk rage {unknown}
 f - a potion of heal wounds
 k - a potion of enlightenment {unknown}
 l - a potion of invisibility {unknown}


   Skills:
 + Level 4.7 Fighting
 - Level 2.7 Long Blades
 - Level 1.0 Armour
 - Level 2.2 Dodging
 + Level 2.5 Spellcasting
 + Level 2.5 Conjurations
 + Level 2.5 Hexes
   Level 0.0 Charms
 + Level 2.5 Summonings
 + Level 2.5 Necromancy
 + Level 2.5 Translocations
 + Level 2.5 Transmutations
 + Level 2.5 Fire Magic
 + Level 2.5 Ice Magic
 + Level 2.5 Air Magic
 + Level 2.5 Earth Magic
 + Level 2.5 Poison Magic


You knew the following spells:

 Your Spells              Type           Power      Damage    Failure   Level
a - Shock                 Conj/Air       36%        1d5       10%         1
b - Lesser Beckoning      Tloc           18%        N/A       16%         2
Your spell library was empty.

Dungeon Overview and Level Annotations

Branches:
Dungeon (3/15)

Altars:


Innate Abilities, Weirdness & Mutations

You are immune to sickness and miasma.
You are immune to poison.
Your flesh is almost immune to the effects of heat. (rF+++)
You are vulnerable to cold. (rC-)
You float through the air rather than walking.
You learn spells naturally, not from books.
Your magical power is your life essence.
You have superior vitality. (+4 MHP)
You are resistant to electric shocks. (rElec)


Message History

You hit the gnoll.
The gnoll looks even sicker.
The gnoll is lightly wounded.
The gnoll hits you with a +0 flail.
* * * LOW HITPOINT WARNING * * *
You hit the gnoll but do no damage.
The gnoll is lightly wounded.
The gnoll hits you with a +0 flail.
* * * LOW HITPOINT WARNING * * *
It was a potion of heal wounds.
You feel much better. The gnoll barely misses you.
You closely miss the gnoll.
The gnoll is lightly wounded.
The gnoll barely misses you.
You barely miss the gnoll.
The gnoll is lightly wounded.
The gnoll hits you with a +0 flail!
You hit the gnoll but do no damage.
The gnoll is lightly wounded.
The gnoll hits you with a +0 flail.
You barely miss the gnoll.
The gnoll is lightly wounded.
The gnoll closely misses you. The gnoll barely misses you.
The gnoll attacks as it pursues you! The gnoll hits you with a +0 flail!
The gnoll attacks as it pursues you! The gnoll hits you with a +0 flail!
* * * LOW HITPOINT WARNING * * *
Press: ? - help, v - describe, . - travel
Here: a gnoll, wielding a +0 flail (moderately wounded, poisoned)
The floor.
Unknown command.
You aren't carrying any items that you can evoke.
As you read the scroll labelled VINGOH MYIQUAFUQO, it crumbles to dust.
It is a scroll of identify.
d - a potion of lignification The gnoll hits you with a +0 flail.
* * * LOW HITPOINT WARNING * * *
As you read the scroll labelled QAGOBIDEME, it crumbles to dust.
Magic quickly surges around you.
It was a scroll of vulnerability.
The gnoll hits you with a +0 flail.
You die...

######## ### #......####
#.. #.........# #..
#>.....##+########..
#...............##..
#...................
###.#g##...........#..
#...#@#..............#
#.#.....#.#.######.#).
######.#.#.....#......#...#
#......#.#####.######.###.#
#........#..#....# #.#...#
#......###..#>.#.####.#.###
#......###..#.........#.# #
#.......##..##...†#####.###
#.......##........###.#.#..


You could see a gnoll (poisoned, weak-willed).

Vanquished Creatures
  Crazy Yiuf (D:2)
  Jessica (D:2)
  Natasha (thrice) (D:2)
  3 bats
  4 endoplasms
  3 giant cockroaches
  5 goblins
  2 hobgoblins (D:2)
  3 jackals (D:1)
  7 kobolds
  4 quokkas (D:1)
  7 ball pythons
  5 frilled lizards
  9 rats
57 creatures vanquished.

Notes
Turn   | Place    | Note
-------+----------+-------------------------------------------
     0 | D:1      | cforsyth the Djinni Chaos Knight began the quest for the
                  | Orb.
     0 | D:1      | Reached XP level 1. HP: 20/20 MP: 0/0
    37 | D:1      | Reached XP level 2. HP: 12/25 MP: 0/0
   196 | D:1      | XOM: divination: detect items
   321 | D:1      | Reached skill level 1 in Spellcasting
   321 | D:1      | Reached skill level 1 in Conjurations
   321 | D:1      | Reached skill level 1 in Hexes
   321 | D:1      | Reached skill level 1 in Summonings
   321 | D:1      | Reached skill level 1 in Necromancy
   321 | D:1      | Reached skill level 1 in Translocations
   321 | D:1      | Reached skill level 1 in Transmutations
   321 | D:1      | Reached skill level 1 in Fire Magic
   321 | D:1      | Reached skill level 1 in Ice Magic
   321 | D:1      | Reached skill level 1 in Air Magic
   321 | D:1      | Reached skill level 1 in Earth Magic
   321 | D:1      | Reached skill level 1 in Poison Magic
   349 | D:1      | Reached XP level 3. HP: 16/30 MP: 0/0
   349 | D:1      | Learned a level 1 spell: Shock
   889 | D:1      | XOM: divination: detect creatures
  1003 | D:2      | Noticed Jessica
  1007 | D:2      | Killed Jessica
  1008 | D:2      | Reached skill level 4 in Fighting
  1008 | D:2      | Reached XP level 4. HP: 34/37 MP: 0/0
  1326 | D:2      | Found a runed translucent door.
  1327 | D:2      | Noticed Crazy Yiuf
  1403 | D:2      | XOM: silly message
  1455 | D:2      | Noticed Natasha
  1466 | D:2      | Killed Natasha
  1467 | D:2      | Reached XP level 5. HP: 32/41 MP: 0/0
  1467 | D:2      | Learned a level 2 spell: Lesser Beckoning
  1507 | D:2      | Noticed Natasha
  1515 | D:2      | Killed Natasha
  1673 | D:2      | XOM: divination: detect items
  1681 | D:2      | Noticed Natasha
  1689 | D:2      | Killed Natasha
  1692 | D:2      | XOM: divination: magic mapping
  1748 | D:2      | XOM: divination: detect creatures
  1868 | D:2      | Killed Crazy Yiuf
  1929 | D:3      | XOM: noise
  1936 | D:2      | XOM: noise
  1961 | D:2      | XOM: polymorph butterfly -> hobgoblin
  1985 | D:1      | XOM: give mutations
  1985 | D:1      | Gained mutation: Your flesh is almost immune to the effects
                  | of heat. (rF+++) [Xom's grace]
  1985 | D:1      | Gained mutation: You are resistant to electric shocks.
                  | (rElec) [Xom's grace]
  2087 | D:1      | HP: 1/42 [gnoll/+0 flail (2)]
  2097 | D:1      | HP: 1/42 [gnoll/+0 flail (3)]
  2098 | D:1      | Slain by a gnoll

Illustrated notes

Levels and vault maps discovered:
D:1:      sevenhm_arrival_forest_fort_small_6, layout_basic
D:2:      layout_basic, uniq_jessica, uniq_natasha, uniq_crazy_yiuf_cottage
D:3:      layout_rooms, shapermc_ecumenical_altar_mp_highgroup,
          serial_co_window_serial, co_window_corner_a,
          co_window_of_opportunity_a, co_window_paths_b,
          co_window_of_opportunity_a, co_window_of_opportunity_a,
          co_window_corner_a, co_window_broadway_b, co_window_corner_b,
          co_window_of_opportunity_c, co_window_broadway_c, co_window_paths_e,
          co_window_paths_d, glass_columns_a, glass_columns_a, glass_columns_b,
          glass_columns_a, glass_columns_b

Skill      XL: |  1  2  3  4 |
---------------+-------------+-----
Spellcasting   | 1 2 |  2.5
Conjurations   | 1 2 |  2.5
Hexes          | 1 2 |  2.5
Summonings     | 1 2 |  2.5
Necromancy     | 1 2 |  2.5
Translocations | 1 2 |  2.5
Transmutations | 1 2 |  2.5
Fire Magic     | 1 2 |  2.5
Ice Magic      | 1 2 |  2.5
Air Magic      | 1 2 |  2.5
Earth Magic    | 1 2 |  2.5
Poison Magic   | 1 2 |  2.5
Fighting       | 4 |  4.7
Long Blades    | |  2.7
Armour         | |  1.0
Dodging        | |  2.2

Action                     |  1- 3 |  4- 6 || total
---------------------------+-------+-------++-------
  Melee: Falchion          |    61 |     1 ||    62
         Spear             |       |    41 ||    41
   Cast: Shock             |    32 |    43 ||    75
    Use: Scroll            |       |     3 ||     3
         Potion            |       |     1 ||     1
 Armour: Leather armour    |    65 |    46 ||   111
  Dodge: Dodged            |    70 |    46 ||   116

Table legend: (Time is in decaauts)
 A = Elapsed time spent in this place.
 B = Non-inter-level travel time spent in this place.
 C = Inter-level travel time spent in this place.
 D = Time resting spent in this place.
 E = Time spent auto-exploring this place.
 F = Levels seen in this place.
 G = Mean time per level.
                   A        B        C        D        E       F      G
               +--------+--------+--------+--------+--------+-----+--------+
         Total |   2114 |   2081 |     33 |    107 |   1599 |   3 |  704.7 |
       Dungeon |   2114 |   2081 |     33 |    107 |   1599 |   3 |  704.7 |
               +--------+--------+--------+--------+--------+-----+--------+

Top non-repeatable levels by time:
     D:2: 1057 daAuts
     D:1: 1053 daAuts
     D:3: 3 daAuts
